Map: [ESL] Inside and Out

Players

herO - Winner!

  • Race: Protoss Protoss
  • Spawn Location: 1:00

LiquidClem (Clem)

  • Race: Terran Terran
  • League: Master
  • Spawn Location: 7:00

VOD

Have the link to the VOD?

Description

Time

  • Played on: Nov. 5, 2022, 8:35 a.m.
  • Length: 9:22
Show
View Real Time Build Order
Export as new Build Order

herO Protoss - Winner!

Build Orders: Oracle Opening 

Get SALT Encoding   

  12  0:00  Probe  
  13  0:12  Probe  
  14  0:18  Pylon  
  14  0:24  Probe (Chrono Boost)  
  15  0:36  Probe (Chrono Boost)  
  15  0:39  Gateway  
  16  0:45  Probe (Chrono Boost)  
  16  0:49  Assimilator  
  17  0:51  Probe  
  18  1:03  Probe  
  19  1:04  Assimilator  
  19  1:15  Probe  
  20  1:27  Probe, Cybernetics Core  
  20  1:30  Pylon  
  21  1:39  Probe  
  22  1:51  Probe  
  23  2:03  Probe  
  23  2:06  Adept (Chrono Boost), Stargate  
  26  2:15  Probe  
  26  2:16  Pylon  
  26  2:20  Warp Gate  
  26  2:29  Adept  
  28  2:40  Nexus  
  28  2:43  Probe  
  29  2:48  Oracle (Chrono Boost)  
  32  2:55  Probe  
  33  3:07  Probe  
  33  3:11  Pylon  
  34  3:15  Oracle (Chrono Boost)  
  34  3:19  Probe  
  38  3:31  Probe  
  38  3:34  Gateway  
  39  3:37  Gateway  
  39  3:43  Probe  
  43  3:48  Oracle (Chrono Boost)  
  43  3:53  Probe  
  44  3:56  Probe  
  45  4:08  Twilight Council, Probe  
  45  4:09  Probe  
  47  4:20  Probe  
  47  4:21  Probe, Assimilator  
  49  4:33  Probe x2  
  49  4:38  Blink (Chrono Boost)  
  51  4:45  Probe x2  
  50  4:57  Probe x2  
  50  4:58  Stalker x2  
  56  5:00  Stalker  
  58  5:09  Probe x2  
  58  5:10  Nexus  
  58  5:12  Pylon  
  60  5:16  Pylon  
  60  5:23  Shield Battery  
  60  5:26  Stalker  
  62  5:31  Stalker x2  
  62  5:32  Shield Battery  
  66  5:38  Shield Battery, Probe x2  
  65  5:50  Probe x2  
  67  5:59  Stalker x3  
  69  6:04  Oracle (Chrono Boost)  
  72  6:14  Probe x2  
  72  6:17  Pylon  
  68  6:26  Probe  
  68  6:28  Stalker x3  
  66  6:38  Probe x2 (Chrono Boost)  
  63  6:41  Probe (Chrono Boost)  
  63  6:46  Forge  
  63  6:49  Robotics Facility  
  63  6:50  Probe x2 (Chrono Boost)  
  63  6:52  Stalker x2  
  70  6:54  Stalker  
  70  6:55  Probe (Chrono Boost)  
  70  6:56  Probe x2 (Chrono Boost)  
  74  7:03  Probe  
  75  7:14  Probe x2  
  75  7:15  Probe  
  74  7:22  Charge (Chrono Boost)  
  74  7:25  Stalker  
  74  7:26  Stalker x2  
  78  7:30  Gateway x2  
  78  7:33  Probe  
  78  7:34  Immortal  
  78  7:35  Probe x2  
  81  7:40  Gateway  
  81  7:42  Gateway  
  85  7:50  Shield Battery  
  85  7:52  Shield Battery  
  85  7:55  Zealot x2, Sentry  
  85  7:56  Probe  
  92  8:08  Pylon x2  
  92  8:09  Pylon  
  92  8:13  Observer  
  92  8:18  Pylon  
  93  8:30  Zealot x5  
  103  8:34  Immortal  
  103  8:36  Zealot  
  109  8:48  Zealot  
  111  8:53  Zealot x5  
  100  9:04  Stalker  
Show
View Real Time Build Order
Export as new Build Order

LiquidClem Terran 

Build Orders: Cyclone Opening 

Get SALT Encoding   

  12  0:00  SCV  
  13  0:12  SCV  
  14  0:16  Supply Depot  
  14  0:24  SCV  
  15  0:38  SCV  
  15  0:39  Barracks  
  16  0:44  Refinery  
  16  0:50  SCV  
  17  0:58  Refinery  
  17  1:02  SCV  
  18  1:14  SCV  
  19  1:27  Reaper, Orbital Command  
  19  1:29  Supply Depot  
  20  1:46  Factory  
  20  1:53  SCV  
  21  2:00  Barracks Reactor  
  21  2:05  SCV  
  22  2:22  Command Center  
  22  2:24  SCV  
  25  2:33  Factory Tech Lab  
  25  2:37  Marine x2  
  23  2:38  SCV  
  26  2:46  Supply Depot  
  29  2:51  Cyclone  
  29  2:53  SCV  
  29  2:55  Marine  
  31  3:04  Barracks  
  31  3:08  SCV, Marine  
  33  3:13  Marine  
  33  3:20  Barracks  
  33  3:21  SCV  
  34  3:28  Siege Tank  
  38  3:38  Orbital Command  
  38  3:40  Marine  
  38  3:41  Marine  
  38  3:44  SCV  
  40  3:52  Barracks Tech Lab  
  40  3:56  SCV  
  40  3:58  Marine  
  40  3:59  Marine  
  44  4:10  Stimpack  
  44  4:11  Barracks Tech Lab  
  44  4:12  Cyclone  
  44  4:15  Marine  
  48  4:18  Marine  
  48  4:22  Marine  
  48  4:24  Supply Depot  
  49  4:28  SCV  
  49  4:31  Marine  
  51  4:33  Combat Shield  
  51  4:37  Marine  
  46  4:41  SCV, Marine  
  46  4:44  Orbital Command  
  46  4:52  Marine  
  44  4:53  SCV  
  44  4:57  Siege Tank  
  44  4:59  Marine  
  50  5:02  Marine  
  50  5:06  SCV  
  51  5:09  Marauder  
  51  5:10  SCV  
  54  5:15  Marauder  
  54  5:19  Marine  
  54  5:20  Marine  
  54  5:21  SCV  
  59  5:23  SCV  
  59  5:26  Supply Depot  
  60  5:33  SCV, Marine  
  60  5:36  Marine  
  60  5:38  SCV  
  60  5:40  Marine  
  60  5:41  Marine  
  58  5:45  SCV  
  58  5:48  Siege Tank  
  60  5:50  SCV  
  60  5:53  Marauder  
  63  5:59  Marauder  
  63  6:00  SCV  
  63  6:02  SCV  
  65  6:06  Marine x2  
  62  6:15  SCV  
  63  6:18  Marauder, Starport  
  63  6:24  Siege Tank  
  61  6:27  Marine  
  61  6:29  SCV  
  61  6:30  SCV  
  56  6:35  Marine  
  56  6:36  Marauder  
  52  6:41  SCV  
  52  6:43  Marauder  
  52  6:45  SCV  
  52  6:46  Marine  
  56  6:53  Marine  
  57  6:54  SCV  
  57  6:55  Starport Reactor  
  57  6:57  Siege Tank  
  57  6:58  SCV  
  64  7:01  Marauder  
  64  7:03  Marine  
  64  7:04  Marine  
  64  7:06  SCV  
  64  7:10  SCV  
  61  7:16  Marine  
  61  7:19  SCV  
  61  7:21  Marine  
  61  7:22  SCV, Marine  
  58  7:26  Marauder  
  61  7:30  Refinery  
  61  7:31  SCV  
  61  7:32  Supply Depot, Siege Tank  
  61  7:35  SCV  
  61  7:37  Marine  
  66  7:40  Medivac  
  66  7:41  Marine  
  66  7:43  Supply Depot  
  69  7:54  Marauder x2, Marine  
  69  7:55  Supply Depot  
  74  7:58  Marine  
  74  8:03  Medivac  
  77  8:07  Supply Depot  
  77  8:12  Marine  
  77  8:15  Marauder  
  77  8:16  Marine  
  77  8:19  Marauder  
  83  8:23  Supply Depot, Widow Mine  
  85  8:30  Supply Depot, Marine  
  86  8:34  Marine  
  86  8:37  Medivac, Marauder  
  86  8:41  Marauder  
  91  8:48  Marine  
  83  8:57  Marine  
  83  8:58  Marauder  
  83  9:01  Marine  
Tags
 
Add a new tag
Caveats
  • Supply blocks, unpowered buildings, or Contaminate may cause inaccurate times.
  • Supply counts are checked every 10 seconds.